 Dungeon Crawl Stone Soup version 0.25-a0-41-g6cf4ce537d (webtiles) character file.

Game seed: 17891485411741703474, levelgen mode: deterministic

58 Alarkh the Slasher (level 3, 0/29 HPs)
             Began as a Demonspawn Fighter on Oct 21, 2019.
             Slain by a bat (1 damage)
             ... on level 2 of the Dungeon.
             The game lasted 00:01:20 (1290 turns).

Alarkh the Slasher (Demonspawn Fighter)             Turns: 1290, Time: 00:01:21

Health: 0/29       AC:  6    Str: 21    XL:     3   Next: 76%
Magic:  3/3        EV:  7    Int: 10    God:
Gold:   45         SH:  0    Dex: 12    Spells: 2/2 levels left

rFire    + . .     SeeInvis .   a - +0 long sword
rCold    . . .     Gourm    .   c - +0 shield
rNeg     . . .     Faith    .   b - +0 scale mail
rPois    .         Spirit   .   (no helmet)
rElec    .         Reflect  .   (no cloak)
rCorr    .         Harm     .   (no gloves)
MR       .....                  (no boots)
Stlth    ..........             (no amulet)
HPRegen  0.09/turn              (no ring)
MPRegen  0.08/turn              (no ring)

@: confused, mighty
A: fire resistance 1, powered by death 1
a: no special abilities


You were on level 2 of the Dungeon.
You were not hungry.

You visited 1 branch of the dungeon, and saw 2 of its levels.

You collected 45 gold pieces.

Inventory:

Hand Weapons
 a - a +0 long sword (weapon)
Armour
 b - a +0 scale mail (worn)
 c - a +0 shield (worn)
Scrolls
 e - a scroll of teleportation {unknown}
 h - a scroll of remove curse {unknown}
 i - a scroll of noise
Potions
 k - a potion of lignification {unknown}
 l - a potion of flight {unknown}
 m - a potion of cancellation {unknown}
Comestibles
 f - 2 rations
 g - 6 chunks of flesh


   Skills:
 - Level 3.0 Fighting
 + Level 3.8 Long Blades
 - Level 2.6 Armour
 - Level 2.6 Shields


You had 2 spell levels left.
You didn't know any spells.
Your spell library was empty.

Dungeon Overview and Level Annotations

Branches:
Dungeon (2/15)

Altars:


Innate Abilities, Weirdness & Mutations

Your flesh is heat resistant. (rF+)
You regenerate a little health from kills.


Message History

The centaur hits you but does no damage.
Found a stone staircase leading down.
You feel very mighty all of a sudden. The bat hits you but does no damage.
The centaur hits you. You block the adder's attack.
You barely miss the centaur. You block the bat's attack. The centaur hits you!
* * * LOW HITPOINT WARNING * * *
The leopard gecko barely misses you. You block the adder's attack.
The centaur hits you.
* * * LOW HITPOINT WARNING * * *
The leopard gecko barely misses you.
You riposte.
Your shield and scale mail prevent you from hitting the leopard gecko.
The adder bites you.
* * * LOW HITPOINT WARNING * * *
It was a potion of ambrosia.
You are confused.
You feel invigorated. The centaur hits you.
* * * LOW HITPOINT WARNING * * *
The bat hits you.
You die...

.#### ## >... .#
...###.#### .#
####........# .#
....?.......### .#
####(.S.c...... #.#
......b@l...... ..##.#
#####...(....##.
.....#.##...........?...
.##..#.##.###.(...?.....
)##.<#.# #(.##.#####. .#
..(.# # #..##..## .#
#.#.# .# #.......#
รท###.#.##.# #..###..#
..........###).###..#


You could see a centaur, an adder, a leopard gecko and a bat.

Vanquished Creatures
  2 adders (D:2)
  A dart slug (D:1)
  3 leopard geckos (D:1)
  2 giant cockroaches (D:1)
  5 goblins
  5 hobgoblins
  2 ball pythons
  4 bats (D:1)
  2 frilled lizards (D:1)
  5 kobolds
  6 rats
37 creatures vanquished.

Notes
Turn   | Place    | Note
-------+----------+-------------------------------------------
     0 | D:1      | Alarkh the Demonspawn Fighter began the quest for the Orb.
     0 | D:1      | Reached XP level 1. HP: 18/18 MP: 1/1
   128 | D:1      | Gained mutation: You regenerate a little health from kills.
                  | [demonic ancestry]
   128 | D:1      | Reached XP level 2. HP: 24/24 MP: 2/2
   809 | D:1      | Gained mutation: Your flesh is heat resistant. (rF+)
                  | [demonic ancestry]
   809 | D:1      | Reached XP level 3. HP: 29/29 MP: 3/3
  1283 | D:2      | Noticed a centaur
  1289 | D:2      | HP: 1/29 [adder (3)]
  1290 | D:2      | Slain by a bat

Levels and vault maps discovered:
D:1:      roderic_chinese_lattice_arrival, layout_loops_corners
D:2:      layout_loops_ring, grunt_gozag_statues

Skill      XL: |  1  2 |
---------------+-------+-----
Long Blades    | 2 3 |  3.8
Fighting       | |  3.0
Armour         | |  2.6
Shields        | |  2.6

Action                   || total
-------------------------++-------
Melee: Long sword        ||   148
  Use: Scroll            ||     1
       Potion            ||     2
  Eat: Chunk             ||     2
Armor: Scale mail        ||    74
Dodge: Dodged            ||    37
Block: Shield            ||    64
       Rpst.: Long sword ||    15

Table legend:
 A = Non-vault XP
 B = Vault XP
 C = Vault XP percentage of total XP
 D = Non-vault monster count
 E = Vault monster count
 F = Vault count percentage of total count
                 A         B        C        D         E       F
            +---------+---------+-------+---------+---------+-------
      Total |      84 |       0 |   0.0 |      37 |       0 |   0.0
            +---------+---------+-------+---------+---------+-------
        D:1 |      46 |       0 |   0.0 |      28 |       0 |   0.0
        D:2 |      38 |       0 |   0.0 |       9 |       0 |   0.0
            +---------+---------+-------+---------+---------+-------
